 Dungeon Crawl Stone Soup version 0.22-a0-407-gb098539 (webtiles) character file.

9 Mgcat the Skirmisher (level 2, -4/24 HPs)
             Began as a Demonspawn Abyssal Knight on May 9, 2018.
             Was a Follower of Lugonu.
             Slain by a gnoll
             ... wielding a +0 halberd
              (9 damage)
             ... on level 1 of the Dungeon.
             The game lasted 00:01:30 (496 turns).

Mgcat the Skirmisher (Demonspawn Abyssal Knight)     Turns: 496, Time: 00:01:31

Health: -4/24      AC:  8    Str: 12    XL:     2   Next: 3%
Magic:  3/3        EV: 10    Int: 13    God:    Lugonu [*.....]
Gold:   44         SH:  0    Dex: 12    Spells: 1/1 levels left

rFire    . . .     SeeInvis .   a - +1 mace
rCold    . . .     Gourm    .   (no shield)
rNeg     . . .     Faith    .   d - +0 ring mail
rPois    .         Spirit   .   (no helmet)
rElec    .         Reflect  .   b - +2 cloak
rCorr    .         Harm     .   (no gloves)
MR       .....                  (no boots)
Stlth    +.........             (no amulet)
HPRegen  0.08/turn              (no ring)
MPRegen  0.08/turn              (no ring)

@: no status effects
A: rot immunity
a: Depart the Abyss, Renounce Religion


You were on level 1 of the Dungeon.
You worshipped Lugonu.
Lugonu was aware of your devotion.
You were not hungry.

You visited 1 branch of the dungeon, and saw 1 of its levels.
You visited the Abyss 1 time.

You collected 44 gold pieces.

Inventory:

Hand Weapons
 a - a +1 mace (weapon)
Armour
 b - a +2 cloak (worn)
   (You found it on level 1 of the Dungeon)
 d - a +0 ring mail (worn)
   (You found it on level 1 of the Abyss)
Scrolls
 e - a scroll of teleportation {unknown}
 f - 2 scrolls of identify {unknown}
 h - a scroll of random uselessness {unknown}
 i - a scroll of amnesia {unknown}
 k - 3 scrolls of remove curse {unknown}
 m - a scroll of fog {unknown}
Potions
 g - a potion of degeneration {unknown}
 l - a potion of magic {unknown}
Comestibles
 c - 2 rations
 j - a chunk of flesh {@w0}


   Skills:
 + Level 3.3 Fighting
 + Level 2.1 Maces & Flails
 - Level 1.7 Armour
 - Level 0.8 Dodging
 - Level 2.4 Invocations


You had one spell level left.
You didn't know any spells.

Dungeon Overview and Level Annotations

Branches:
Dungeon (1/15)

Altars:


Innate Abilities, Weirdness & Mutations

You are immune to rotting.


Message History

A frilled lizard comes into view.
The frilled lizard bites you but does no damage.
You closely miss the frilled lizard. The frilled lizard closely misses you.
You closely miss the frilled lizard. The frilled lizard bites you.
The frilled lizard barely misses you.
You are too injured to fight recklessly!
You are too injured to fight recklessly!
You are too injured to fight recklessly!
You are too injured to fight recklessly!
You are too injured to fight recklessly!
You barely miss the frilled lizard. The frilled lizard barely misses you.
You barely miss the frilled lizard.
The frilled lizard bites you but does no damage.
You hit the frilled lizard.
You kill the frilled lizard!
Lugonu accepts your kill.
b - a glowing cloak Wear which item? (? for menu, Esc to quit)
You don't have any such object.
Wear which item? (? for menu, Esc to quit)
You start putting on your armour.
You continue putting on your glowing cloak. x4
You finish putting on your +2 cloak.
Found a stone staircase leading down.
A kobold comes into view. It is wielding a short sword.
The kobold shouts!
You hit the kobold.
You kill the kobold!
Lugonu accepts your kill.
Your Maces & Flails skill increases to level 2!
Things that are here:
a short sword; a kobold corpse
Okay, then.
Unknown command.
Some of the chunks of flesh in your inventory have rotted away.
g - an emerald potion You now have 21 gold pieces (gained 13).
All of the chunks of flesh in your inventory have rotted away.
f - a scroll labeled LAAWYR DENYU
h - a scroll labeled LEKUIVE LUITUB
i - a scroll labeled NEADGH QIOGA A leopard gecko comes into view.
You see here a scroll labeled LAAWYR DENYU.
f - 2 scrolls labeled LAAWYR DENYU (gained 1)
The leopard gecko bites you but does no damage.
You hit the leopard gecko.
The leopard gecko is heavily wounded.
The leopard gecko barely misses you. The leopard gecko bites you.
You hit the leopard gecko.
You kill the leopard gecko!
Lugonu accepts your kill.
No target in view!
No target in view!
No target in view!
You butcher the leopard gecko corpse.
j - a chunk of flesh {@w0}
Found a stone staircase leading down.
No target in view!
k - 3 scrolls labeled BATAWA WUILI
There is a stone staircase leading down here.
You now have 35 gold pieces (gained 14).
l - a lumpy inky potion
Found a stone staircase leading down.
There is a stone staircase leading down here.
You now have 44 gold pieces (gained 9).
c - 2 rations (gained 1)
A goblin comes into view. It is wielding a club.
The goblin shouts!
You see here a scroll labeled DOGOLE TOT KOTA.
m - a scroll labeled DOGOLE TOT KOTA A gnoll comes into view.
It is wielding a halberd.
A goblin comes into view. It is wielding a dagger.
The goblin shouts!
You closely miss the goblin. The goblin closely misses you. x2
The gnoll hits you from afar with a halberd.
The goblin barely misses you. The goblin hits you but does no damage.
You hit the goblin.
You kill the goblin!
Lugonu accepts your kill.
You hit the goblin.
The goblin is severely wounded.
The goblin barely misses you.
You barely miss the goblin.
The goblin is severely wounded.
The gnoll hits you but does no damage. The goblin hits you but does no damage.
You closely miss the goblin.
The goblin is severely wounded.
The goblin hits you but does no damage.
The gnoll hits you from afar with a halberd!
Ouch! That really hurt!
* * * LOW HITPOINT WARNING * * *
The goblin barely misses you.
You hit the goblin.
You kill the goblin!
Lugonu accepts your kill.
You have reached level 2!
Your demonic ancestry asserts itself...
You feel immune to rotting.
The gnoll hits you from afar with a halberd!
You die...

.....# #.# #....# #.#######
.....# #.# #....# #........
.....####.#######(...############
.................................
#########...#####....############
###.# #....#### # .# ###.....#
###### .#######.....# #.....
#...@)g.....# #.####
#.#####.....# #.g...# #.....#
#.....# #.....# #.....#
##..........# #..........#


You could see a gnoll.

Vanquished Creatures
  A leopard gecko (D:1)
  2 goblins (D:1)
  A hobgoblin (D:1)
  2 frilled lizards (D:1)
  2 kobolds (D:1)
8 creatures vanquished.

Notes
Turn   | Place    | Note
-------+----------+-------------------------------------------
     0 | Abyss:1  | Mgcat the Demonspawn Abyssal Knight began the quest for the Orb.
     0 | Abyss:1  | Reached XP level 1. HP: 18/18 MP: 2/2
     1 | Abyss:1  | Found a corrupted altar of Lugonu.
    24 | D:1      | Escaped the Abyss
   237 | D:1      | Reached skill level 2 in Maces & Flails
   495 | D:1      | HP: 4/18 [gnoll/halberd (10)]
   496 | D:1      | Gained mutation: You are immune to rotting. [demonic ancestry]
   496 | D:1      | Reached XP level 2. HP: 5/24 MP: 3/3
   496 | D:1      | Slain by a gnoll

Vault maps used:
D:1:      evilmike_arrival_grusome_pit

Skill      XL: |  1 |
---------------+----+-----
Maces & Flails | 2 |  2.1
Fighting       | |  3.3
Armour         | |  1.7
Dodging        | |  0.8
Invocations    | |  2.4

Action                   || total
-------------------------++-------
Melee: Mace              ||    28
Armor: Ring mail         ||     7
       Leather armour    ||     5
Dodge: Dodged            ||    21

Table legend:
 A = Spawn XP
 B = Non-spawn XP
 C = Spawn XP percentage of total XP
 D = Spawn monster count
 E = Non-spawn monster count
 F = Spawn count percentage of total count
 G = Total turns spent on level
                    A         B        C        D         E        F      G
               +---------+---------+-------+---------+---------+-------+---------
         Total |       0 |      13 |   0.0 |       0 |       8 |   0.0 |   496
               +---------+---------+-------+---------+---------+-------+---------
           D:1 |       0 |      13 |   0.0 |       0 |       8 |   0.0 |   472
               +---------+---------+-------+---------+---------+-------+---------

Vault maps used:
D:1:      evilmike_arrival_grusome_pit

Table legend:
 A = Turns spent in this place as a percentage of turns spent in the entire game.
 B = Non-inter-level travel turns spent in this place as a percentage of non-inter-level travel turns spent in the entire game.
 C = Inter-level travel turns spent in this place as a percentage of turns spent in this place.
 D = Turns resting spent in this place as a percentage of non-inter-level travel turns spent in this place.
 E = Turns spent auto-exploring this place as a percentage of non-inter-level travel turns spent in this place.
 F = Non-inter-level travel turns spent in this place divided by the number of levels of this place that you've seen.
                   A       B       C       D       E      F
               +-------+-------+-------+-------+-------+----------------------
         Total | 100.0 | 100.0 |   0.0 |   0.0 |  75.4 | 248.0
       Dungeon |  95.2 |  95.2 |   0.0 |   0.0 |  79.2 | 472.0
         Abyss |   4.8 |   4.8 |   0.0 |   0.0 |   0.0 |  24.0
               +-------+-------+-------+-------+-------+----------------------

Table legend:
 A = Kills in this place as a percentage of kills in entire the game.
 B = Kills by you in this place as a percentage of kills by you in the entire game.
 C = Kills by friends in this place as a percentage of kills by friends in the entire game.
 D = Other kills in this place as a percentage of other kills in the entire game.
 E = Experience gained in this place as a percentage of experience gained in the entire game.
 F = Experience gained in this place divided by the number of levels of this place that you have seen.
                   A       B       C       D       E      F
               +-------+-------+-------+-------+-------+----------------------
         Total | 100.0 | 100.0 |   N/A |   N/A | 100.0 |   6.5
       Dungeon | 100.0 | 100.0 |   N/A |   N/A | 100.0 |  13.0
               +-------+-------+-------+-------+-------+----------------------
